Map: Oceanborn LE

Players

SKillous - Winner!

  • Race: Protoss Protoss
  • Spawn Location: 11:00

SHIN

  • Race: Zerg Zerg
  • Spawn Location: 5:00

Event: ESL SC2 Masters 2023 Winter (Finals)

VOD

Have the link to the VOD?

Description

Time

  • Played on: Dec. 15, 2023, 1:04 p.m.
  • Length: 22:45

All games in this series

Show
View Real Time Build Order
Export as new Build Order

SKillous Protoss - Winner!

Build Orders: 1 Gate Expand, Oracle Opening 

Get SALT Encoding   

  12  0:00  Probe  
  13  0:13  Pylon  
  13  0:17  Probe (Chrono Boost)  
  14  0:26  Probe (Chrono Boost)  
  15  0:31  Probe (Chrono Boost)  
  16  0:37  Gateway  
  16  0:43  Probe  
  16  0:47  Assimilator  
  17  0:55  Probe  
  18  1:08  Probe  
  19  1:20  Probe  
  20  1:26  Nexus  
  20  1:34  Cybernetics Core  
  20  1:38  Probe  
  21  1:46  Assimilator  
  21  1:50  Probe  
  21  1:54  Pylon  
  22  2:02  Probe  
  23  2:09  Adept (Chrono Boost)  
  23  2:14  Probe  
  26  2:17  Stargate  
  26  2:27  Probe (Chrono Boost)  
  26  2:28  Warp Gate  
  27  2:33  Adept  
  29  2:38  Probe (Chrono Boost)  
  31  2:45  Probe (Chrono Boost)  
  31  2:48  Probe (Chrono Boost)  
  33  2:52  Probe (Chrono Boost)  
  33  2:53  Probe (Chrono Boost)  
  34  2:58  Oracle (Chrono Boost)  
  34  3:03  Zealot, Probe  
  34  3:05  Probe  
  41  3:07  Pylon  
  41  3:15  Probe  
  41  3:17  Probe  
  41  3:19  Gateway  
  43  3:26  Oracle (Chrono Boost)  
  43  3:27  Probe  
  43  3:29  Probe  
  48  3:39  Probe  
  49  3:44  Pylon  
  49  3:46  Probe  
  50  3:52  Probe  
  50  3:53  Nexus  
  50  3:55  Oracle (Chrono Boost)  
  51  4:02  Probe  
  55  4:04  Assimilator  
  55  4:06  Assimilator  
  55  4:07  Probe  
  56  4:12  Pylon  
  56  4:15  Pylon  
  56  4:19  Probe  
  56  4:20  Probe  
  56  4:22  Adept  
  60  4:31  Twilight Council, Probe (Chrono Boost)  
  61  4:33  Forge  
  61  4:38  Probe (Chrono Boost)  
  62  4:41  Probe (Chrono Boost)  
  62  4:45  Probe (Chrono Boost)  
  64  4:46  Gateway, Probe (Chrono Boost)  
  64  4:47  Gateway  
  65  4:56  Robotics Facility  
  65  4:57  Probe (Chrono Boost)  
  65  4:58  Probe (Chrono Boost)  
  67  5:05  Probe (Chrono Boost)  
  68  5:07  Protoss Ground Weapons Level 1 (Chrono Boost)  
  68  5:08  Blink  
  68  5:09  Probe (Chrono Boost)  
  71  5:14  Probe (Chrono Boost)  
  71  5:15  Probe (Chrono Boost)  
  71  5:17  Probe (Chrono Boost), Stalker x2  
  71  5:20  Probe  
  77  5:23  Probe  
  77  5:27  Probe  
  79  5:29  Assimilator  
  79  5:30  Assimilator  
  79  5:32  Pylon  
  79  5:33  Probe  
  80  5:38  Probe  
  80  5:39  Probe  
  80  5:41  Stalker x2  
  86  5:45  Probe  
  86  5:48  Observer  
  88  5:51  Robotics Bay, Probe  
  88  5:52  Robotics Facility  
  88  5:55  Probe  
  86  5:57  Probe  
  86  6:03  Probe  
  88  6:08  Probe  
  88  6:09  Stalker, Pylon  
  88  6:10  Stalker x3  
  97  6:14  Pylon  
  97  6:25  Nexus  
  97  6:29  Pylon  
  97  6:35  Colossus (Chrono Boost)  
  97  6:36  Colossus (Chrono Boost)  
  111  6:42  Stalker x2  
  111  6:45  Stalker  
  115  6:53  Probe  
  116  6:54  Nexus  
  116  6:57  Probe  
  116  6:58  Pylon  
  116  6:59  Extended Thermal Lance  
  117  7:05  Probe x2  
  119  7:09  Protoss Ground Weapons Level 2 (Chrono Boost), Shield Battery, Probe  
  120  7:16  Pylon  
  120  7:17  Probe  
  120  7:20  Probe  
  120  7:21  Probe  
  120  7:22  Colossus  
  130  7:30  Probe  
  130  7:31  Stalker  
  130  7:32  Probe  
  130  7:34  Probe  
  130  7:35  Stalker x2  
  130  7:36  Stalker  
  136  7:38  Pylon  
  136  7:41  Pylon  
  136  7:47  Phoenix  
  138  7:52  Probe  
  138  7:56  Pylon, Photon Cannon, Colossus  
  138  7:58  Stalker x2  
  147  8:02  Stalker  
  151  8:12  Shield Battery, Phoenix  
  153  8:20  Stalker  
  153  8:22  Shield Battery  
  155  8:30  Gateway, Stalker x3  
  155  8:31  Gateway  
  161  8:37  Phoenix  
  161  8:41  Probe  
  162  8:44  Assimilator  
  162  8:48  Assimilator, Pylon  
  160  8:57  Photon Cannon  
  160  8:59  Immortal  
  160  9:00  Shield Battery, Immortal, Probe  
  169  9:09  Templar Archives  
  169  9:11  Shield Battery  
  169  9:13  Photon Cannon  
  169  9:15  Photon Cannon x2  
  169  9:19  Zealot x4  
  169  9:20  Shield Battery  
  169  9:21  Pylon  
  169  9:23  Photon Cannon  
  177  9:26  Photon Cannon  
  177  9:27  Protoss Ground Weapons Level 3 (Chrono Boost)  
  177  9:31  Photon Cannon  
  177  9:34  Photon Cannon  
  177  9:36  Shield Battery  
  177  9:42  Gateway  
  177  9:44  Gateway  
  177  9:49  Gateway  
  177  9:52  Gateway  
  176  9:54  Charge  
  176  9:57  Probe (Chrono Boost)  
  171  10:01  Probe (Chrono Boost)  
  171  10:05  High Templar x6  
  185  10:07  Probe x2 (Chrono Boost)  
  185  10:10  Archon x3  
  185  10:12  Pylon  
  185  10:15  Nexus  
  185  10:24  Photon Cannon  
  185  10:26  Pylon  
  185  10:27  Photon Cannon  
  185  10:28  Photon Cannon  
  185  10:31  Photon Cannon, Pylon  
  185  10:34  Pylon  
  185  10:38  Pylon  
  185  10:43  Pylon  
  185  10:44  Forge  
  185  10:45  Observer x2  
  185  10:48  High Templar x6  
  199  10:52  Archon  
  199  10:56  Archon  
  199  10:57  Archon  
  199  11:03  Photon Cannon  
  199  11:04  Photon Cannon x2  
  199  11:06  Photon Cannon x3  
  199  11:23  Protoss Ground Armor Level 1 (Chrono Boost)  
  199  11:28  Psionic Storm  
  199  11:33  Photon Cannon  
  199  11:37  Photon Cannon  
  199  11:38  Protoss Shields Level 1 (Chrono Boost)  
  199  11:39  Assimilator  
  199  11:41  Assimilator  
  199  11:46  Shield Battery  
  199  11:49  Photon Cannon  
  199  11:54  High Templar  
  199  12:02  Robotics Facility  
  199  12:05  Robotics Facility  
  199  12:10  Protoss Air Weapons Level 1  
  199  12:11  Photon Cannon  
  199  12:12  Photon Cannon  
  199  12:14  Photon Cannon x2  
  199  12:16  Shield Battery  
  199  12:21  High Templar x2  
  199  12:27  Zealot x2  
  199  12:36  Pylon  
  199  12:41  Photon Cannon  
  199  12:53  Immortal  
  199  12:57  Nexus  
  200  12:59  Pylon  
  200  13:01  Pylon  
  194  13:12  High Templar x4  
  190  13:18  Immortal  
  190  13:19  Nexus  
  200  13:20  Shield Battery, Pylon  
  200  13:22  Photon Cannon  
  200  13:24  Photon Cannon  
  200  13:26  Photon Cannon, Pylon  
  200  13:29  Photon Cannon  
  200  13:31  Photon Cannon  
  200  13:34  Photon Cannon  
  200  13:39  Zealot x3, Assimilator  
  200  13:40  Zealot x2  
  200  13:43  Assimilator  
  200  13:46  Immortal  
  162  13:53  Immortal  
  162  13:54  Probe x2 (Chrono Boost)  
  162  13:55  Probe x2 (Chrono Boost)  
  170  14:00  Photon Cannon  
  170  14:01  Shield Battery  
  170  14:06  Probe (Chrono Boost)  
  170  14:09  Zealot  
  175  14:10  Probe (Chrono Boost)  
  175  14:12  Probe x3 (Chrono Boost)  
  175  14:17  Zealot x3  
  175  14:18  Zealot  
  175  14:20  Probe  
  175  14:22  Probe  
  185  14:28  Zealot x3  
  185  14:39  Probe  
  185  14:45  Probe x4  
  184  14:54  Photon Cannon  
  184  14:56  Protoss Shields Level 2 (Chrono Boost), Assimilator, Protoss Ground Armor Level 2 (Chrono Boost)  
  184  14:57  High Templar x8  
  200  15:00  Assimilator  
  200  15:03  Archon x2  
  200  15:05  Archon  
  200  15:09  Photon Cannon  
  200  15:11  Photon Cannon  
  200  15:13  Shield Battery  
  200  15:28  Nexus  
  200  15:30  Shield Battery  
  200  15:31  Photon Cannon  
  200  15:37  Observer  
  194  15:45  Zealot x5  
  198  15:55  Pylon  
  198  15:58  Shield Battery  
  198  16:00  Photon Cannon  
  198  16:08  Observer  
  196  16:15  Observer  
  192  16:21  Observer  
  190  16:29  Stargate  
  190  16:30  Fleet Beacon  
  190  16:32  Photon Cannon, Stargate  
  190  16:34  Photon Cannon, Stargate  
  190  16:35  Photon Cannon  
  190  16:36  Pylon  
  190  16:37  Shield Battery  
  190  16:39  Observer x3, Assimilator  
  191  16:49  Zealot x4  
  195  17:01  High Templar x2  
  192  17:27  Protoss Shields Level 3 (Chrono Boost), Protoss Ground Armor Level 3 (Chrono Boost)  
  192  17:29  Zealot x4  
  194  17:48  Observer  
  194  18:00  Zealot x3  
  199  18:16  Nexus  
  199  18:19  Photon Cannon  
  199  18:21  Shield Battery  
  186  18:27  Observer x2  
  186  18:28  Observer  
  186  18:32  Pylon  
  189  18:34  Pylon  
  189  18:44  Photon Cannon  
  189  18:45  Photon Cannon  
  189  18:54  Pylon  
  187  18:58  Stargate x2  
  187  19:04  Protoss Air Weapons Level 2 (Chrono Boost)  
  195  19:19  Observer  
  194  19:28  Stalker x4  
  194  19:29  Stalker x6  
  166  19:47  Tempest (Chrono Boost)  
  166  19:48  Tempest x2 (Chrono Boost)  
  166  19:50  Observer  
  166  19:52  Zealot x10  
  195  19:53  Tempest (Chrono Boost)  
  195  19:54  Observer  
  188  20:06  Shield Battery  
  186  20:07  Photon Cannon  
  180  20:15  Nexus  
  180  20:17  Pylon  
  180  20:26  Tempest x3 (Chrono Boost)  
  180  20:27  Observer  
  185  20:31  Tempest (Chrono Boost)  
  185  20:32  Unknown  
  176  20:36  High Templar x5  
  176  20:37  High Templar x5  
  194  20:44  Assimilator  
  194  20:45  Archon  
  194  20:46  Archon x2  
  194  20:48  Assimilator  
  194  20:53  Observer, Photon Cannon  
  194  20:55  Photon Cannon  
  191  20:59  Observer  
  191  21:03  Tempest x2  
  200  21:04  Photon Cannon  
  200  21:06  Shield Battery  
  200  21:08  Pylon  
  192  21:29  Pylon  
  192  21:30  Zealot x4  
  192  21:32  Pylon  
  199  21:33  Nexus  
  198  21:45  Photon Cannon  
  193  21:49  Photon Cannon x2, Oracle  
  193  21:50  Oracle  
  193  21:58  Oracle  
  193  21:59  Oracle  
  193  22:00  Zealot  
  185  22:16  Zealot x6  
Show
View Real Time Build Order
Export as new Build Order

SHIN Zerg 

Build Orders: Hatch First, Lurkers 

Get SALT Encoding   

  12  0:00  Drone  
  13  0:08  Drone  
  14  0:16  Overlord  
  14  0:40  Hatchery  
  14  0:42  Drone  
  14  0:46  Drone  
  15  0:51  Drone  
  15  0:54  Drone  
  17  1:04  Drone  
  17  1:09  Extractor  
  17  1:14  Spawning Pool  
  16  1:18  Drone  
  17  1:26  Drone  
  18  1:36  Drone  
  19  1:47  Drone  
  20  2:00  Drone x2  
  20  2:01  Queen x2  
  24  2:04  Zergling x2  
  27  2:09  Overlord  
  27  2:14  Zergling x2  
  28  2:18  Metabolic Boost  
  28  2:29  Drone x2  
  30  2:30  Drone  
  30  2:35  Drone  
  32  2:40  Hatchery  
  32  2:43  Drone  
  32  2:48  Queen  
  34  2:53  Overlord  
  34  2:59  Drone x2  
  36  3:11  Queen  
  36  3:12  Zergling x4  
  40  3:14  Drone x3  
  40  3:19  Overlord  
  43  3:20  Drone  
  44  3:31  Spore Crawler  
  44  3:32  Drone  
  44  3:34  Overlord  
  44  3:37  Queen  
  44  3:38  Drone  
  44  3:40  Drone  
  48  3:42  Drone  
  48  3:43  Drone x2  
  51  3:51  Drone  
  51  3:52  Drone  
  51  3:53  Spore Crawler  
  51  3:54  Drone  
  53  3:57  Queen  
  53  3:59  Drone  
  56  4:03  Drone  
  56  4:04  Drone x2  
  56  4:07  Drone, Evolution Chamber  
  59  4:12  Overlord  
  59  4:15  Queen  
  59  4:16  Drone  
  61  4:21  Zergling x4  
  61  4:22  Drone  
  61  4:23  Drone  
  65  4:25  Drone  
  65  4:29  Overlord  
  65  4:30  Overlord  
  65  4:32  Drone  
  65  4:35  Zerg Melee Weapons Level 1  
  65  4:36  Drone  
  65  4:37  Drone  
  68  4:39  Drone  
  68  4:40  Drone  
  68  4:41  Drone  
  68  4:43  Drone  
  72  4:46  Drone x2  
  72  4:49  Drone x2  
  72  4:52  Drone x3  
  79  4:55  Extractor  
  79  4:57  Zergling x4  
  79  4:59  Drone  
  81  5:04  Drone x4  
  85  5:11  Lair  
  85  5:12  Hatchery  
  83  5:14  Drone x2  
  83  5:18  Extractor, Spore Crawler  
  83  5:19  Zergling x8  
  87  5:24  Drone x3  
  87  5:27  Hatchery  
  89  5:30  Drone  
  89  5:31  Extractor, Overlord x2  
  89  5:32  Extractor  
  88  5:36  Overlord  
  88  5:38  Drone  
  89  5:43  Zergling x2  
  89  5:45  Extractor  
  89  5:47  Overlord x2  
  87  5:50  Zergling x6  
  87  5:53  Zergling x8  
  90  6:00  Zergling x4  
  89  6:10  Drone x2, Spire  
  89  6:11  Drone x2  
  92  6:12  Zergling x2  
  92  6:15  Roach Warren  
  92  6:16  Zergling x2  
  92  6:17  Zergling x2  
  94  6:22  Zergling x12  
  100  6:26  Overlord  
  100  6:27  Zergling x2  
  100  6:28  Overseer  
  100  6:29  Zerg Melee Weapons Level 2  
  100  6:31  Zergling x2  
  102  6:34  Drone x3  
  102  6:36  Overlord  
  102  6:37  Baneling Nest  
  104  6:40  Drone x2  
  104  6:41  Drone  
  104  6:46  Drone x2  
  107  6:47  Drone x2  
  107  6:52  Zergling x2  
  107  6:53  Zergling x8  
  110  7:00  Extractor, Glial Reconstitution  
  109  7:02  Zergling x14  
  109  7:05  Overlord  
  114  7:10  Overlord  
  114  7:12  Zergling x2  
  114  7:13  Overlord  
  113  7:22  Mutalisk x9  
  118  7:26  Centrifugal Hooks  
  118  7:27  Roach x2  
  118  7:29  Roach  
  134  7:33  Roach x2  
  134  7:34  Roach x2  
  141  7:38  Overlord  
  141  7:43  Roach x2  
  141  7:44  Roach x3  
  151  7:51  Roach x5  
  147  7:54  Zergling x4, Roach  
  147  7:56  Ravager x2  
  147  7:57  Ravager  
  155  8:01  Zergling x8, Roach  
  155  8:04  Overlord  
  161  8:08  Zergling x6  
  164  8:16  Zergling x8, Infestation Pit, Hydralisk Den  
  164  8:19  Drone x3  
  169  8:22  Extractor  
  169  8:23  Drone  
  169  8:25  Roach x2  
  171  8:29  Zergling x8  
  171  8:31  Baneling x5  
  171  8:33  Ravager x2  
  177  8:36  Overlord  
  177  8:41  Zergling x2, Roach  
  177  8:42  Zergling x6  
  183  8:52  Hive  
  183  8:53  Overlord  
  183  8:54  Overlord, Lurker Den  
  182  8:56  Overlord  
  182  9:00  Drone x3  
  184  9:29  Hatchery  
  182  9:33  Hydralisk x5  
  182  9:34  Hydralisk x8  
  182  9:37  Grooved Spines  
  198  9:40  Zerg Missile Weapons Level 1  
  198  9:44  Evolution Chamber  
  195  9:48  Drone x2  
  195  9:51  Spore Crawler x2  
  195  9:52  Overlord  
  191  10:04  Seismic Spines  
  189  10:08  Lurker x8  
  189  10:13  Drone x2  
  197  10:18  Zerg Ground Armor Level 1  
  197  10:20  Lurker  
  194  10:28  Zerg Flyer Weapons Level 1  
  193  10:39  Lurker x3  
  184  10:43  Lurker  
  184  10:46  Drone x4  
  184  10:47  Overseer  
  189  10:50  Extractor  
  189  10:53  Spore Crawler  
  189  10:54  Spore Crawler  
  189  10:55  Hydralisk  
  189  10:56  Hydralisk x3, Extractor  
  189  10:57  Spore Crawler  
  189  11:01  Adaptive Talons  
  189  11:02  Nydus Network  
  181  11:19  Pneumatized Carapace  
  181  11:21  Viper  
  181  11:24  Viper  
  187  11:29  Spine Crawler x2  
  187  11:30  Hydralisk x2  
  187  11:33  Drone x4  
  187  11:35  Muscular Augments  
  187  11:36  Overseer  
  186  11:43  Hydralisk x4, Overlord x2  
  194  11:53  Hydralisk x3  
  197  12:13  Zerg Missile Weapons Level 2, Zerg Ground Armor Level 2  
  194  12:22  Hydralisk, Nydus Canal  
  192  12:23  Zergling x2  
  192  12:24  Lurker x5  
  192  12:28  Overseer  
  200  12:46  Hydralisk  
  200  13:02  Hydralisk x5  
  200  13:04  Hydralisk  
  197  13:07  Hydralisk  
  197  13:08  Hydralisk x2  
  197  13:09  Hydralisk  
  197  13:28  Hydralisk  
  197  13:29  Hydralisk  
  197  13:33  Hydralisk x2  
  199  13:37  Hydralisk x2  
  199  13:38  Hydralisk  
  199  13:40  Hydralisk x3  
  199  13:41  Hydralisk x2  
  196  13:45  Hydralisk x7  
  196  13:46  Hydralisk x3  
  197  13:48  Hydralisk  
  197  13:49  Zergling x2  
  197  13:52  Zergling x2  
  198  13:59  Zergling x4  
  198  14:01  Nydus Canal  
  200  14:11  Hydralisk  
  200  14:15  Hydralisk  
  200  14:16  Zergling x2, Hatchery  
  200  14:22  Nydus Canal  
  200  14:23  Zergling x4  
  197  14:29  Hydralisk  
  197  14:30  Lurker x6  
  195  14:36  Hydralisk  
  195  14:37  Hydralisk x3  
  195  14:42  Drone x2  
  182  14:47  Greater Spire  
  179  14:54  Overseer x2  
  179  15:04  Overseer  
  179  15:05  Overseer  
  179  15:12  Lurker x7  
  186  15:24  Drone x2  
  186  15:26  Spore Crawler  
  186  15:27  Drone x3, Spore Crawler  
  180  15:50  Spore Crawler x2  
  180  15:52  Spore Crawler  
  180  15:53  Spore Crawler  
  180  15:54  Drone x4  
  180  15:56  Extractor, Drone  
  180  15:57  Drone, Extractor  
  181  15:58  Corruptor x10  
  181  15:59  Spore Crawler  
  181  16:00  Spore Crawler  
  192  16:15  Lurker x9, Queen  
  196  16:25  Drone x3, Hatchery  
  196  16:26  Drone x3  
  196  16:27  Zerg Missile Weapons Level 3, Zerg Ground Armor Level 3  
  196  16:30  Overseer x3  
  184  16:49  Zerg Flyer Weapons Level 2  
  184  16:51  Corruptor x5  
  183  17:18  Corruptor  
  183  17:19  Corruptor x3  
  177  17:55  Overlord x2  
  176  18:04  Hatchery  
  159  18:29  Overlord  
  159  18:30  Brood Lord x10  
  159  18:32  Corruptor x5  
  159  18:33  Overlord x2  
  189  18:36  Overlord  
  189  18:43  Overseer x2  
  189  18:54  Corruptor  
  189  18:55  Corruptor x4  
  195  19:10  Zerg Flyer Weapons Level 3  
  193  19:20  Drone x2  
  193  19:21  Drone  
  188  19:27  Drone x3  
  174  19:38  Hydralisk x7  
  174  19:39  Hydralisk x5  
  174  19:41  Overlord  
  198  19:46  Hydralisk x4  
  198  19:50  Overlord, Hatchery  
  195  20:12  Lurker x2  
  195  20:13  Lurker  
  198  20:24  Hydralisk  
  198  20:25  Zergling x8  
  198  20:28  Zergling x2, Hydralisk  
  194  20:31  Hydralisk  
  194  20:32  Zergling x18  
  198  20:36  Overlord  
  198  20:37  Overlord  
  198  20:45  Overseer  
  198  20:46  Lurker  
  198  20:47  Drone, Overlord  
  198  20:49  Extractor  
  197  20:54  Zergling x2, Hydralisk  
  198  21:11  Extractor  
  198  21:12  Extractor  
  198  21:16  Hydralisk  
  198  21:17  Zergling x6  
  200  21:22  Spore Crawler x2  
  198  21:29  Lurker x2  
  191  21:41  Lurker  
  191  21:42  Zergling x14, Hydralisk  
  196  21:58  Corruptor  
  192  22:05  Hydralisk  
  192  22:07  Corruptor  
  193  22:14  Hydralisk  
  188  22:15  Zergling x6  
  188  22:16  Zergling x6  
  188  22:19  Hydralisk x2  
  188  22:20  Zergling x22  
  197  22:27  Zergling x6  
Tags
 
Add a new tag
Caveats
  • Supply blocks, unpowered buildings, or Contaminate may cause inaccurate times.
  • Supply counts are checked every 10 seconds.